 Dungeon Crawl Stone Soup version 0.23-a0-677-g07611c5 (console) character file.

254 Duffy the Firebug (level 5, -15/35 HPs)
             Began as a Demonspawn Fire Elementalist on Jan 9, 2019.
             Demolished by an ogre
             ... wielding a +0 giant spiked club
              (34 damage)
             ... on level 7 of the Dungeon.
             The game lasted 00:03:29 (2052 turns).

Duffy the Firebug (Demonspawn Fire Elementalist)    Turns: 2052, Time: 00:03:31

Health: -15/35     AC:  2    Str:  9    XL:     5   Next: 91%
Magic:  10/10      EV: 17    Int: 17    God:
Gold:   86         SH:  0    Dex: 13    Spells: 3/11 levels left

rFire    + . .     SeeInvis .   (no weapon)
rCold    + . .     Gourm    .   (no shield)
rNeg     . . .     Faith    .   a - +0 robe
rPois    .         Spirit   .   (no helmet)
rElec    .         Reflect  .   f - scarf {rC+ rF+}
rCorr    .         Harm     +   (no gloves)
MR       .....                  (no boots)
Stlth    ++........             h - amulet of harm
HPRegen  0.11/turn              d - +5 ring of evasion
MPRegen  0.12/turn              (no ring)

@: no status effects
A: powered by death 2
a: no special abilities


You were on level 7 of the Dungeon.
You were not hungry.

You visited 1 branch of the dungeon, and saw 7 of its levels.

You collected 86 gold pieces.

Inventory:

Armour
 a - a +0 robe (worn)
 f - a scarf of resistance (worn)
Jewellery
 d - a +5 ring of evasion (left hand)
 h - an amulet of harm (around neck)
Scrolls
 i - a scroll of immolation
Potions
 e - a potion of curing {unknown}
 j - 2 potions of degeneration {unknown}
 k - a potion of agility {unknown}
 l - a potion of ambrosia {unknown}
Comestibles
 c - 5 rations


   Skills:
 - Level 1.7 Dodging
 - Level 1.7 Stealth
 + Level 3.5 Spellcasting
 - Level 3.6 Conjurations
 + Level 4.0 Fire Magic


You had 3 spell levels left.
You knew the following spells:

 Your Spells              Type           Power        Failure   Level  Hunger
h - Flame Tongue          Conj/Fire      ###..        3%          1    None
j - Sticky Flame          Conj/Fire      ###.....     32%         4    ####...
l - Conjure Flame         Conj/Fire      ###.....     10%         3    ###....

Your spell library contained the following spells:

 Spells                   Type           Power        Failure   Level  Hunger
 Throw Flame              Conj/Fire      ###...       4%          2    ##.....
 Inner Flame              Hex/Fire       #.......     22%         3    ###....
 Fireball                 Conj/Fire      ###.......   67%         5    ######.


Dungeon Overview and Level Annotations

Branches:
Dungeon (7/15)
 Temple: D:4-7

Altars:
Ashenzari
Nemelex Xobeh
Zin

Shops:
D:3 *

Annotations:
D:6 Dowan, Duvessa


Innate Abilities, Weirdness & Mutations

You regenerate health from kills.


Message History

The ogre shouts!
There is a stone staircase leading up here.
Found 12 gold pieces.
The hound bites you. The jackal misses you. The hound closely misses you.
The quokka closely misses you. The hound bites you.
The quokka barely misses you.
A wight comes into view. It is wielding a +1 halberd.
You see here 12 gold pieces.
The quokka bites you.
A wight comes into view. It is wielding a +2 mace.
A wight comes into view. It is wielding a +0 hand axe.
The wight closely misses you.
A wight comes into view. It is wielding a +4 spear.
The wight closely misses you.
The quokka bites you but does no damage.
The quokka misses you.
The ogre hits you with a +0 giant spiked club!!
Ouch! That really hurt!
You die...

#......#
#......#
#......#
#......####
######..<.......
#....#..........
#....#......#...
#....#..........
#.@.............
#.O........#####
#.rZ.###.###
#....###.#
####..##h#
##z##Z# #h.#.#
##z#.# #...#


You could see an ogre, a hound, 2 wights, a quokka and a bullfrog skeleton.

Vanquished Creatures
  An orc wizard (D:5)
  2 orc priests (D:4)
  A bullfrog skeleton (D:5)
  Jessica (D:3)
  A worker ant (D:4)
  4 adders
  A shadow imp (D:5)
  2 leopard geckos (D:1)
  5 orcs
  3 giant cockroaches
  13 jackals
  2 kobolds
  2 quokkas
  A bat (D:1)
  3 frilled lizards
  2 rats (D:1)
44 creatures vanquished.

Notes
Turn   | Place    | Note
-------+----------+-------------------------------------------
     0 | D:1      | Duffy the Demonspawn Fire Elementalist began the quest for
                  | the Orb.
     0 | D:1      | Reached XP level 1. HP: 13/13 MP: 3/3
   114 | D:1      | Found a shattered altar of Ashenzari.
   530 | D:2      | Gained mutation: You regenerate a little health from kills.
                  | [demonic ancestry]
   530 | D:2      | Reached XP level 2. HP: 19/19 MP: 0/5
   810 | D:2      | Found a sparkling altar of Nemelex Xobeh.
   814 | D:3      | Found Zin's Purification Station.
   817 | D:3      | Found a glowing silver altar of Zin.
   817 | D:3      | Noticed Jessica
   825 | D:3      | Killed Jessica
   825 | D:3      | Gained mutation: You regenerate health from kills. [demonic
                  | ancestry]
   825 | D:3      | Reached XP level 3. HP: 24/24 MP: 3/6
   830 | D:3      | Learned a level 3 spell: Conjure Flame
   997 | D:4      | Reached XP level 4. HP: 30/30 MP: 2/7
  1111 | D:4      | Reached skill level 3 in Fire Magic
  1186 | D:4      | Reached XP level 5. HP: 35/35 MP: 2/9
  1192 | D:4      | Learned a level 4 spell: Sticky Flame
  1498 | D:5      | Entered Level 5 of the Dungeon
  1905 | D:5      | Reached skill level 4 in Fire Magic
  1933 | D:6      | Noticed an ogre
  1968 | D:6      | Noticed Dowan
  1969 | D:6      | Noticed Duvessa
  2016 | D:6      | Noticed an ice beast
  2032 | D:7      | Noticed an ogre
  2052 | D:7      | Demolished by an ogre

Vault maps used:
D:1:      dpeg_arrival_boxorama, nicolae_ashenzari_panopticon
D:2:      old_standard_altar, nemelex_altar_shiori
D:3:      zin_purify, nicolae_overflow_hidden_temple, uniq_ijyb, uniq_sigmund,
          uniq_jessica
D:4:      minmay_temple_entry_glassed_door, uniq_eustachio, uniq_edmund
D:5:      first_ration
D:6:      kennysheep_okawaru_gauntlet, uniq_duvessa
D:7:      minmay_razor_zed, nicolae_dithmenos_shadow_blocks,
          chequers_temple_overflow_minitemple, the_bakery,
          minmay_guarded_unrand_staff_of_olgreb, uniq_pikel, uniq_harold

Skill      XL: |  1  2  3  4  5 |
---------------+----------------+-----
Conjurations   | 2 3 |  3.6
Fire Magic     | 3 4 |  4.0
Spellcasting   | 3 |  3.5
Dodging        | |  1.7
Stealth        | |  1.7

Action                   |  1- 3 |  4- 6 || total
-------------------------+-------+-------++-------
Melee: Unarmed           |    12 |    24 ||    36
 Cast: Flame Tongue      |    34 |    57 ||    91
  Use: Scroll            |       |     3 ||     3
  Eat: Chunk             |     1 |     3 ||     4
Armor: Robe              |     5 |    12 ||    17
Dodge: Dodged            |    26 |    85 ||   111

Table legend:
 A = Non-vault XP
 B = Vault XP
 C = Vault XP percentage of total XP
 D = Non-vault monster count
 E = Vault monster count
 F = Vault count percentage of total count
                 A         B        C        D         E       F
            +---------+---------+-------+---------+---------+-------
      Total |     327 |      37 |  10.2 |      43 |       1 |   2.3
            +---------+---------+-------+---------+---------+-------
        D:1 |      12 |       0 |   0.0 |       7 |       0 |   0.0
        D:2 |      25 |       0 |   0.0 |       7 |       0 |   0.0
        D:3 |       2 |      37 |  94.9 |       1 |       1 |  50.0
        D:4 |     129 |       0 |   0.0 |       9 |       0 |   0.0
        D:5 |     153 |       0 |   0.0 |      16 |       0 |   0.0
        D:6 |       6 |       0 |   0.0 |       3 |       0 |   0.0
            +---------+---------+-------+---------+---------+-------
